 Dungeon Crawl Stone Soup version 0.30-a0-867-g305f33218d (webtiles) character file.

Game seed: 5464631285590991586

1873 avis the Gouger (level 8, -7/36 HPs)
             Began as a Felid Transmuter on Mar 10, 2023.
             Was an Initiate of Gozag.
             Mangled by a hornet (11 damage)
             ... while paralysed by a hornet
             ... on level 8 of the Dungeon on Mar 11, 2023.
             The game lasted 01:05:20 (8900 turns).

avis the Gouger (Felid Transmuter)                  Turns: 8900, Time: 01:05:21

Health: -7/36      AC:  2    Str: 10    XL:     8   Next: 91%
Magic:  0/15       EV:  5    Int: 14    God:    Gozag
Gold:   516        SH:  0    Dex: 22    Spells: 4/15 levels left
                                        Lives:  0   Deaths: 2

rFire   + . .      SeeInvis +      - Unarmed
rCold   . . .      Faith    .    (shield unavailable)
rNeg    . . .      Spirit   +    (body armour unavailable)
rPois   x          Reflect  .    (helmet unavailable)
rElec   .          Rampage  .    (cloak unavailable)
rCorr   .                        (gloves unavailable)
Will    +....                    (boots unavailable)
Stlth   +++                      x - amulet of guardian spirit
HPRegen 0.26/turn                p - ring of protection from fire
MPRegen 0.14/turn                (no ring)

@: paralysed, spider-form (expiring), slowed
A: venomous fangs, tiny, (claws 1), (fangs 3), see invisible, (speed 1), (shaggy
fur 2), (stealthy paws), no weapons or thrown items, no armour, multi-lived
a: End Transformation, Renounce Religion, Potion Petition, Call Merchant, Bribe
Branch


You were on level 8 of the Dungeon.
You worshipped Gozag.
Gozag was pleased with you.
You were a venomous arachnid creature.
You visited 2 branches of the dungeon, and saw 9 of its levels.

You collected 1201 gold pieces.
You spent 90 gold pieces at shops.
You paid 595 gold pieces to Gozag.

Inventory:

Jewellery
 p - a ring of protection from fire (left front pincers)
 x - an amulet of guardian spirit (around neck)
Wands
 a - a wand of paralysis (4)
 r - a wand of flame (18)
Scrolls
 d - 2 scrolls of poison {unknown}
 f - a scroll of immolation {unknown}
 g - a scroll of acquirement {unknown}
 i - 4 scrolls of teleportation
 j - 2 scrolls of identify {unknown}
 l - a scroll of enchant armour {unknown}
 o - a scroll of brand weapon {unknown}
 s - a scroll of magic mapping {unknown}
 t - a scroll of torment
 u - a scroll of vulnerability
 v - a scroll of noise {unknown}
Potions
 b - a potion of brilliance {unknown}
 c - 2 potions of flight
 e - 3 potions of curing
 h - 3 potions of haste
 k - 2 potions of heal wounds
 m - a potion of berserk rage {unknown}
 n - a potion of magic
 q - a potion of attraction {unknown}
 w - 3 potions of resistance {unknown}


   Skills:
 - Level 4.0 Fighting
 - Level 5.0 Dodging
 - Level 4.0 Stealth
 - Level 9.0 Unarmed Combat
 - Level 4.0 Spellcasting
 - Level 8.0 Transmutations
 * Level 2.2 Ice Magic
 - Level 2.0 Poison Magic


You had 4 spell levels left.
You knew the following spells:

 Your Spells              Type           Power      Damage    Failure   Level
a - Apportation           Tloc           4%         N/A       38%         1
e - Wereblood             Tmut           25%        N/A       5%          2
p - Spider Form           Tmut/Pois      16%        N/A       21%         3
q - Ice Form              Ice/Tmut       17%        N/A       45%         4
B - Beastly Appendage     Tmut           50%        N/A       4%          1

Your spell library contained the following spells:

 Spells                   Type           Power      Damage    Failure   Level
 Hailstorm                Conj/Ice       5%         3d4       58%         3
 Dazzling Flash           Conj/Hex       4%         N/A       71%         3
 Iskenderun's Mystic Bla  Conj/Tloc      2%         2d3       96%         4
 Alistair's Intoxication  Tmut/Pois      10%        N/A       77%         5
 Starburst                Conj/Fire      1%         6d3       100%        6
 Simulacrum               Ice/Necr       Unusable   N/A       N/A         6

Dungeon Overview and Level Annotations

Branches:
Dungeon (8/15)             Temple (1/1) D:4            Lair (0/5) D:8

Altars:
Ashenzari
Cheibriados
Dithmenos
Elyvilon
Fedhas
Gozag
Kikubaaqudgha
Makhleb
Okawaru
Qazlal
Ru
Trog
Uskayaw
Vehumet
Wu Jian
Zin
The Shining One

Shops:
D:7 :

Annotations:
D:8 Pikel


Innate Abilities, Weirdness & Mutations

You are a venomous arachnid creature.
You have venomous fangs.
You are tiny and dextrous.
Your spellcasting is less reliable in this form.
((You have sharp claws.))
((You have razor-sharp teeth.))
You have supernaturally acute eyesight. (SInv)
((You cover ground quickly. (Speed+)))
((You are covered in thick fur. (AC +2)))
((Your paws help you pounce on unaware monsters.))
You are incapable of wielding weapons or throwing items.
You cannot wear armour.
You gain extra lives every three experience levels.


Message History

You start resting.
Magic restored.
As you open the door, it creaks loudly!
There is an open door here.
You close the door.
Found a spear.
Casting: Spider Form (dangerous; 8% risk of failure)
Confirm with . or Enter, or press ? or * to list all spells.
You turn into a venomous arachnid creature.
You open the door.
A hornet comes into view.
Found 13 gold pieces.
There is an open door here.
The helpless hornet fails to defend itself.
You hit the hornet.
The hornet is poisoned.
The hornet is lightly wounded.
The hornet stings you!
You feel yourself slow down.
You hit the hornet but do no damage.
The hornet is lightly wounded.
The hornet misses you. The hornet barely misses you.
You barely miss the hornet.
The hornet is lightly wounded.
The hornet closely misses you. The hornet barely misses you.
You barely miss the hornet.
The hornet is moderately wounded.
The hornet stings you!
You feel as though you will be slow longer.
The hornet closely misses you.
You hit the hornet but do no damage.
The hornet looks even sicker.
The hornet is moderately wounded.
The hornet stings you.
You suddenly lose the ability to move!
The hornet stings you.
You feel as though you will be slow longer.
The hornet stings you!
* * * LOW HITPOINT WARNING * * *
You feel as though you will be slow longer.
Your transformation is almost over.
The hornet stings you!
You die...
Your body crumbles into a pile of gold.

#..# ##.).## ##..
#..##+#######+#######'
#...)................
#..................).
#..................).
#..##'#######+#######+
#. ##...## ##...##
##..
##.....###.....###...
#...s...#...(...#...!
#...y...#.......#....
#...$...#...(...#....
##.....###.....###...
##...## ##...## ##..
##### ##### ###


You could see a hornet (very poisoned).

Vanquished Creatures
  Sigmund (D:6)
  A shadow (D:8)
  A steam dragon (D:6)
  A water moccasin (D:7)
  2 ice beasts
  A black bear (D:8)
  5 orc warriors
  4 ogres
  A phantom (D:5)
  A kobold brigand (D:7)
  2 bullfrogs
  4 scorpions
  A killer bee (D:8)
  A jelly (D:5)
  A gnoll bouda (D:7)
  3 hounds
  3 orc priests
  5 iguanas
  A sleepcap (D:5)
  8 orc wizards
  Ijyb (D:4)
  8 gnolls
  7 adders
  A shadow imp (D:6)
  3 white imps (D:7)
  3 ufetubi (D:6)
  A worm (D:2)
  A dart slug (D:5)
  38 orcs
  5 ball pythons
  6 bats
  9 endoplasms
  3 giant cockroaches
  8 goblins
  5 hobgoblins
  3 jackals (D:2)
  19 kobolds
  A quokka (D:1)
  2 frilled lizards (D:1)
  5 rats
176 creatures vanquished.

Vanquished Creatures (others)
  An orc wizard (D:8)
1 creature vanquished.

Grand Total: 177 creatures vanquished

Notes
Turn   | Place    | Note
-------+----------+-------------------------------------------
     0 | D:1      | avis the Felid Transmuter began the quest for the Orb.
     0 | D:1      | Reached XP level 1. HP: 9/9 MP: 4/4
   197 | D:1      | Reached XP level 2. HP: 13/13 MP: 6/6
   902 | D:2      | Reached XP level 3. HP: 16/16 MP: 5/7
   906 | D:2      | Reached skill level 4 in Unarmed Combat
  1150 | D:2      | Reached skill level 1 in Stealth
  1271 | D:2      | Learned a level 2 spell: Wereblood
  1275 | D:2      | Learned a level 3 spell: Spider Form
  1893 | D:3      | Reached XP level 4. HP: 19/19 MP: 8/8
  1960 | D:3      | Found an ornate altar of the Wu Jian Council.
  2279 | D:3      | Reached skill level 1 in Poison Magic
  2345 | D:3      | Reached XP level 5. HP: 24/24 MP: 9/9
  2580 | D:3      | Found a faded altar of an unknown god.
  3077 | D:4      | Noticed an ogre
  3351 | D:4      | HP: 1/24 [ogre/+0 giant spiked club (23)]
  3372 | D:4      | Frozen to death by an endoplasm
  3373 | D:4      | Reached XP level 4. HP: 0/21 MP: 8/8
  3379 | D:4      | Killed an ogre
  3380 | D:4      | Reached skill level 5 in Unarmed Combat
  3380 | D:4      | Reached XP level 5. HP: 24/24 MP: 9/9
  3974 | D:4      | Reached skill level 6 in Unarmed Combat
  3974 | D:4      | Gained mutation: You are covered in thick fur. (AC +2)
                  | [Felid growth]
  3974 | D:4      | Reached XP level 6. HP: 13/28 MP: 7/10
  4141 | D:4      | Found a staircase to the Ecumenical Temple.
  4145 | D:4      | Noticed Ijyb
  4168 | D:4      | Killed Ijyb
  4184 | Temple   | Entered the Ecumenical Temple
  4191 | Temple   | Became a worshipper of Gozag Ym Sagoz the Greedy
  4598 | D:5      | Entered Level 5 of the Dungeon
  4796 | D:5      | Reached XP level 7. HP: 25/31 MP: 9/11
  4833 | D:5      | Reached skill level 5 in Transmutations
  5826 | D:5      | Found a white marble altar of Elyvilon.
  6048 | D:5      | Learned a level 4 spell: Ice Form
  6161 | D:6      | Noticed a steam dragon
  6308 | D:6      | Reached XP level 8. HP: 14/36 MP: 10/13
  6425 | D:6      | Found a burning altar of Makhleb.
  6429 | D:6      | Found a glowing golden altar of the Shining One.
  6437 | D:6      | Found a stormy altar of Qazlal.
  6597 | D:6      | Learned a level 1 spell: Apportation
  6602 | D:6      | Noticed Sigmund
  6623 | D:6      | Killed Sigmund
  6624 | D:6      | Reached skill level 7 in Unarmed Combat
  6725 | D:6      | Reached skill level 8 in Unarmed Combat
  6963 | D:6      | Reached skill level 9 in Unarmed Combat
  7376 | D:7      | Reached skill level 5 in Dodging
  7376 | D:7      | Reached XP level 9. HP: 32/39 MP: 9/14
  7669 | D:7      | Slain by a gnoll bouda
  7670 | D:7      | Reached XP level 8. HP: -2/36 MP: 15/15
  7905 | D:7      | Found a glowing silver altar of Zin.
  7905 | D:7      | Found Zin's Purification Station.
  7913 | D:7      | Bought a potion of curing for 90 gold pieces
  8055 | D:7      | Found a sacrificial altar of Ru.
  8056 | D:7      | Found a snail-covered altar of Cheibriados.
  8056 | D:7      | Found a broken altar of Ashenzari.
  8321 | D:8      | Noticed Pikel
  8547 | D:8      | Found a staircase to the Lair.
  8772 | D:8      | Reached skill level 1 in Ice Magic
  8889 | D:8      | Noticed a hornet
  8898 | D:8      | Paralysed by a hornet for 3 turns
  8900 | D:8      | Mangled by a hornet

Illustrated notes

Levels and vault maps discovered:
D:1:      lemuel_arrival_lava_pool, layout_basic, minmay_heptomino_d4
D:2:      layout_basic
D:3:      layout_basic, mainiacjoe_overflow_six_doors_small,
          shapermc_ecumenical_altar_mp_highgroup, dk_noncrumbling_2,
          grunt_ministairs_14, dk_noncrumbling_4, grunt_decor_fettered,
          st_stairs_11, hangedman_abyss_or_decor_lesser_grid
D:4:      layout_loops_ring, minmay_temple_entry_crystal_x, uniq_ijyb
D:5:      layout_loops_ring, nicolae_elyvilon_temple_path
D:6:      layout_rooms, minmay_overflow_temple_star_quad, uniq_sigmund
D:7:      layout_loops_cross, zin_purify, gammafunk_temple_overflow_claw
D:8:      kennysheep_six_static_rooms, layout_cave_pools, amcnicky_altar_gilded,
          serial_rivers, chequers_serial_rivers_small_3,
          chequers_serial_rivers_micro_c, chequers_serial_rivers_small_3,
          chequers_serial_rivers_marsh, chequers_serial_rivers_micro_c,
          serial_shops, shop, hellmonk_guarded_unrand_dark_maul, uniq_pikel
Temple:   hellmonk_temple_micro_hex

Skill      XL: |  1  2  3  4  5  6  7  8  9 |
---------------+----------------------------+-----
Fighting       | 2 3 4 |  4.0
Unarmed Combat | 4 5 6 9 |  9.0
Dodging        | 3 4 5 |  5.0
Stealth        | 2 3 4 |  4.0
Transmutations | 3 4 6 8 |  8.0
Poison Magic   | 1 2 |  2.0
Spellcasting   | 3 4 |  4.0
Ice Magic      | 2 |  2.2

Action                     |  1- 3 |  4- 6 |  7- 9 || total
---------------------------+-------+-------+-------++-------
  Melee: Unarmed           |   133 |   137 |   286 ||   556
         Bite              |    11 |     8 |     5 ||    24
         Punch             |     1 |     2 |     3 ||     6
         Headbutt          |     1 |     3 |       ||     4
   Cast: Beastly Appendage |     1 |     2 |       ||     3
         Spider Form       |       |    10 |    40 ||    50
 Invoke: Call Merchant     |       |       |     1 ||     1
    Use: Potion            |       |     8 |     1 ||     9
         Scroll            |       |     4 |       ||     4
   Stab: Distracted        |     1 |     1 |     2 ||     4
         Sleeping          |     1 |     3 |     4 ||     8
 Armour: Skin              |     5 |     5 |     5 ||    15
  Dodge: Dodged            |    85 |    77 |   222 ||   384

Table legend: (Time is in decaauts)
 A = Elapsed time spent in this place.
 B = Non-inter-level travel time spent in this place.
 C = Inter-level travel time spent in this place.
 D = Time resting spent in this place.
 E = Time spent auto-exploring this place.
 F = Levels seen in this place.
 G = Mean time per level.
                   A        B        C        D        E       F      G
               +--------+--------+--------+--------+--------+-----+--------+
         Total |   7837 |   7142 |    695 |   2206 |   2664 |   9 |  870.8 |
       Dungeon |   7711 |   7018 |    693 |   2114 |   2664 |   8 |  963.9 |
        Temple |    125 |    123 |      2 |     92 |      0 |   1 |  125.0 |
               +--------+--------+--------+--------+--------+-----+--------+

Top non-repeatable levels by time:
     D:5: 1484 daAuts
     D:3: 1467 daAuts
     D:4: 1078 daAuts
     D:7: 971 daAuts
     D:2: 867 daAuts
     D:6: 819 daAuts
     D:1: 594 daAuts
     D:8: 428 daAuts
  Temple: 125 daAuts
